 Dungeon Crawl Stone Soup version 0.31.0-9-g3a7656b989 (webtiles) character file.

Game seed: 6710713981265266262

10231 qw the Markself (level 11, -5/67 HPs)
             Began as a Deep Elf Hunter on Feb 2, 2024.
             Was a Priest of Okawaru.
             Incinerated by a smoke demon (10 damage)
             ... with a pyre arrow
             ... on level 10 of the Dungeon.
             The game lasted 00:00:53 (10948 turns).

qw the Markself (Deep Elf Hunter)                  Turns: 10948, Time: 00:00:54

Health: -5/67      AC: 18    Str: 12    XL:     11   Next: 33%
Magic:  16/16      EV: 16    Int: 15    God:    Okawaru [***...]
Gold:   165        SH:  0    Dex: 18    Spells: 10/10 levels left

rFire   . . .        u - +2 orcbow
rCold   . . .        (shield currently unavailable)
rNeg    . . .        f - +0 ring mail
rPois   .            b - +2 helmet
rElec   .            h - +1 cloak
rCorr   .            (no gloves)
SInv    +            n - +2 pair of boots
Will    +....        (no amulet)
Stlth   +            l - +4 ring of protection
HPRegen 0.31/turn    m - ring of see invisible
MPRegen 0.15/turn

%: no passive effects
@: on fire, glowing
A: no striking features
a: Renounce Religion, Heroism


You were on level 10 of the Dungeon.
You worshipped Okawaru.
Okawaru was most pleased with you.
You visited 2 branches of the dungeon, and saw 11 of its levels.

You collected 670 gold pieces.
You spent 505 gold pieces at shops.


   Skills:
 - Level 7.4 Fighting
 + Level 15.3 Ranged Weapons
 - Level 4.0 Armour
 - Level 11.0 Dodging
 - Level 1.2 Stealth
 - Level 4.0 Invocations


You had 10 spell levels left.
You didn't know any spells.
Your spell library was empty.

Inventory:

Hand Weapons
 q - a +2 antimagic orcbow
 u - a +2 orcbow (weapon)
Armour
 b - a +2 helmet (worn)
 f - a +0 ring mail (worn)
 h - a +1 cloak (worn)
 n - a +2 pair of boots (worn)
Jewellery
 l - a +4 ring of protection (left hand)
 m - a ring of see invisible (right hand)
Wands
 i - a wand of mindburst (7)
 k - a wand of polymorph (6)
 p - a wand of iceblast (12)
Scrolls
 d - 2 scrolls of teleportation
 r - 2 scrolls of identify
Potions
 a - 4 potions of curing
 c - 6 potions of mutation
 e - 2 potions of resistance
 j - 3 potions of heal wounds
 o - a potion of enlightenment
 s - a potion of might

Dungeon Overview and Level Annotations

Branches:
Dungeon (10/15)            Temple (1/1) D:7            Lair (0/5) D:10
    Orc: D:9-12

Altars:
Ashenzari
Cheibriados
Dithmenos
Elyvilon
Fedhas
Gozag
Hepliaklqana
Kikubaaqudgha
Makhleb
Nemelex Xobeh
Okawaru
Qazlal
Ru
Sif Muna
Trog
Uskayaw
Vehumet
Wu Jian
Xom
Yredelemnul
Zin
The Shining One

Shops:
D:6 *=   D:10 ?


Message History

The pyre arrow misses you.
The kobold demonologist completely misses you.
The ufetubus misses you. x2
10943 ||| READING 3 scrolls of teleportation.
As you read the scroll of teleportation, it crumbles to dust.
You feel strangely unstable. The liquid fire burns you!
The iron imp hits you but does no damage.
The ufetubus closely misses you.
The ufetubus hits you but does no damage.
The smoke demon hits you but does no damage.
The smoke demon completely misses you. The smoke demon barely misses you.
The kobold demonologist hits you but does no damage.
10944 ||| DRINKING 4 potions of heal wounds.
You feel much better. The liquid fire burns you!
The ufetubus hits you but does no damage. x2
The smoke demon closely misses you.
The smoke demon hits you but does no damage. x2
The kobold demonologist hits you but does no damage.
The iron imp hits you but does no damage.
The ufetubus misses you. The ufetubus barely misses you.
You shoot an arrow. The arrow hits the smoke demon!!
You kill the smoke demon!
The smoke demon disappears in a puff of smoke!
The liquid fire burns you!
The ufetubus hits you but does no damage.
The ufetubus misses you.
The kobold demonologist hits you with a +0 dagger.
The iron imp completely misses you.
You shoot an arrow.
The arrow hits the kobold demonologist but does no damage.
The kobold demonologist is lightly wounded.
The liquid fire burns you!
Your surroundings suddenly seem different.
You are on fire!
The liquid fire burns you!
You are on fire!
The liquid fire burns you!
You die...

....................#
.....%..%...........#
.....#..............#
....####............#
....# ###.........#
....# ###......##
...## #...#### ...#
#....## ..##
##....@## ..#
#.......## ..#
#........## .##
#.........# .#
#........## .#
#........#
#.........#
#.........#
#.........#


There were no monsters in sight!

Vanquished Creatures
  3 two-headed ogres (D:8)
  Pikel (D:5)
  An ugly thing (D:10)
  A cyclops (D:7)
  A gargoyle (D:8)
  An unseen horror (D:10)
  2 trolls
  A hornet (D:10)
  A wraith (D:9)
  A vampire (D:9)
  Sigmund (D:5)
  6 yaks
  3 wyverns
  3 steam dragons (D:8)
  An acid dragon (D:10)
  A water moccasin (D:5)
  Duvessa (D:6)
  2 orc warriors
  2 sky beasts
  2 ice beasts
  2 black bears
  3 ogres
  3 centaurs
  4 lemures (D:5)
  A phantom (D:5)
  4 scorpions
  A bullfrog (D:9)
  A kobold brigand (D:10)
  5 wights (D:7)
  8 killer bees
  Dowan (D:6)
  4 howler monkeys
  4 bombardier beetles (D:5)
  7 orc priests
  4 hounds
  An iguana (D:6)
  2 sleepcaps
  10 orc wizards
  A mummy (D:7)
  Robin (D:3)
  4 gnolls (D:6)
  6 adders
  A shadow imp (D:8)
  A white imp (D:5)
  4 dart slugs
  2 ribbon worms (D:3)
  52 orcs
  11 endoplasms
  3 giant cockroaches
  15 hobgoblins
  12 kobolds
  4 quokkas
  10 ball pythons
  6 bats (D:1)
  9 frilled lizards
  12 goblins
  2 hobgoblin zombies (D:7)
  6 rats
262 creatures vanquished.

Notes
Turn   | Place    | Note
-------+----------+-------------------------------------------
     0 | D:1      | qw the Deep Elf Hunter began the quest for the Orb.
     0 | D:1      | Reached XP level 1. HP: 12/12 MP: 3/3
     0 | D:1      | 0 ||| qw: Version: 0.3-a-155-g5e7d8dd
     0 | D:1      | 0 ||| qw: Game counter: 2769
     0 | D:1      | 0 ||| qw: Melee chars always use a shield: true
     0 | D:1      | 0 ||| qw: God list: Okawaru
     0 | D:1      | 0 ||| qw: Allow faded altars: false
     0 | D:1      | 0 ||| qw: Do Orc after clearing Dungeon:15 true
     0 | D:1      | 0 ||| qw: Do second Lair branch before Depths: true
     0 | D:1      | 0 ||| qw: Lair rune preference: random
     0 | D:1      | 0 ||| qw: Goals: Normal
     0 | D:1      | 0 ||| PLANNING D:1-11
   129 | D:1      | Reached skill level 6 in Ranged Weapons
   129 | D:1      | Reached XP level 2. HP: 16/16 MP: 4/4
   526 | D:1      | Reached XP level 3. HP: 20/20 MP: 5/5
   725 | D:1      | 725 ||| UPGRADING to +0 scale mail.
   735 | D:1      | 735 ||| DROPPING +0 leather armour.
   736 | D:1      | 736 ||| DROPPING scroll of butterflies.
  1160 | D:2      | Reached skill level 7 in Ranged Weapons
  1777 | D:2      | 1777 ||| UPGRADING to +0 helmet.
  1782 | D:2      | 1782 ||| READING scroll labelled VAOROTOINO.
  1783 | D:2      | 1783 ||| READING scroll labelled VIS KAGGUDAQ.
  1786 | D:2      | 1786 ||| READING 2 scrolls labelled YGIHU YNKUO.
  1786 | D:2      | 1786 ||| IDENTIFYING fizzy coppery potion
  1787 | D:2      | 1787 ||| READING scroll of identify.
  1787 | D:2      | 1787 ||| IDENTIFYING cyan potion
  1788 | D:2      | 1788 ||| READING scroll labelled AXOSEE TO SEDD.
  1789 | D:2      | 1789 ||| DROPPING potion of degeneration.
  1811 | D:3      | Reached XP level 4. HP: 25/25 MP: 6/6
  2114 | D:3      | Noticed Robin
  2125 | D:3      | Killed Robin
  2126 | D:3      | Reached skill level 8 in Ranged Weapons
  2130 | D:3      | HP: 6/25 [hobgoblin[Robin] (4)]
  2406 | D:3      | Reached XP level 5. HP: 29/29 MP: 7/7
  2897 | D:3      | 2897 ||| UPGRADING to +0 cloak.
  2902 | D:3      | 2902 ||| READING 4 scrolls of identify.
  2902 | D:3      | 2902 ||| IDENTIFYING viscous white potion
  2903 | D:3      | 2903 ||| READING 3 scrolls of identify.
  2903 | D:3      | 2903 ||| IDENTIFYING golden potion
  2904 | D:3      | 2904 ||| READING 2 scrolls of identify.
  2904 | D:3      | 2904 ||| IDENTIFYING brown potion
  2905 | D:3      | 2905 ||| READING scroll of identify.
  2905 | D:3      | 2905 ||| IDENTIFYING 2 murky clear potions
  2906 | D:3      | 2906 ||| READING scroll labelled SAYLO YRCHEILA.
  2906 | D:3      | Identified a scroll of acquirement
  2906 | D:3      | 2906 ||| ACQUIRING +6 sling "Rauhacor" {drain, Dex+4}
  2906 | D:3      | Acquired the +6 sling "Rauhacor" {drain, Dex+4}
  2908 | D:3      | 2908 ||| SWAPPING to +6 sling "Rauhacor" {drain, Dex+4}.
  2909 | D:3      | 2909 ||| DROPPING +0 shortbow.
  2910 | D:3      | 2910 ||| DRINKING 2 bubbling sapphire potions.
  2911 | D:3      | 2911 ||| DRINKING potion of curing.
  2911 | D:3      | 2911 ||| (to cure confusion)
  2912 | D:3      | 2912 ||| DROPPING potion of ambrosia.
  2913 | D:3      | 2913 ||| DROPPING potion of invisibility.
  2983 | D:4      | Noticed an ogre
  2988 | D:4      | Killed an ogre
  3069 | D:4      | Reached skill level 9 in Ranged Weapons
  3069 | D:4      | Reached XP level 6. HP: 34/34 MP: 8/8
  4200 | D:4      | 4200 ||| UPGRADING to +0 ring mail.
  4210 | D:4      | 4210 ||| DROPPING +0 scale mail.
  4211 | D:4      | 4211 ||| UPGRADING to +4 ring of protection.
  4212 | D:4      | 4212 ||| READING scroll of identify.
  4212 | D:4      | 4212 ||| IDENTIFYING purple potion
  4213 | D:4      | 4213 ||| READING scroll labelled KIP NAUG CEO.
  4248 | D:5      | Entered Level 5 of the Dungeon
  4248 | D:5      | Noticed Sigmund
  4249 | D:5      | 4249 ||| DRINKING potion of haste.
  4252 | D:5      | Killed Sigmund
  4253 | D:5      | Reached XP level 7. HP: 40/40 MP: 9/9
  4265 | D:5      | Noticed a yak
  4266 | D:5      | Noticed a yak
  4269 | D:5      | Killed a yak
  4269 | D:5      | Noticed a yak
  4270 | D:5      | Reached skill level 10 in Ranged Weapons
  4276 | D:5      | Killed a yak
  4277 | D:5      | Reached skill level 11 in Ranged Weapons
  4282 | D:5      | Killed a yak
  4283 | D:5      | Reached XP level 8. HP: 44/44 MP: 10/10
  4355 | D:5      | Noticed Pikel
  4356 | D:5      | 4356 ||| RETREEEEATING.
  4361 | D:5      | 4361 ||| RETREEEEATING.
  4362 | D:5      | 4362 ||| RETREEEEATING.
  4388 | D:5      | Killed Pikel
  4389 | D:5      | Reached skill level 13 in Ranged Weapons
  4585 | D:5      | Reached skill level 3 in Fighting
  4840 | D:5      | Reached skill level 14 in Ranged Weapons
  4874 | D:5      | 4874 ||| FLEEEEING.
  4875 | D:5      | 4875 ||| FLEEEEING.
  4876 | D:5      | 4876 ||| FLEEEEING.
  4877 | D:5      | 4877 ||| FLEEEEING.
  4878 | D:5      | 4878 ||| FLEEEEING.
  4977 | D:5      | Reached XP level 9. HP: 50/50 MP: 11/11
  5008 | D:5      | 5008 ||| FLEEEEING.
  5009 | D:5      | 5009 ||| FLEEEEING.
  5036 | D:5      | Reached skill level 6 in Dodging
  5269 | D:5      | Noticed a troll
  5276 | D:5      | Killed a troll
  5297 | D:5      | 5297 ||| READING scroll labelled DEOFORGHIKH.
  5298 | D:5      | 5298 ||| READING scroll labelled CUDGHU VIRRI.
  5298 | D:5      | 5298 ||| ENCHANTING +0 helmet.
  5299 | D:5      | 5299 ||| READING scroll labelled BEIMAZUQOF.
  5300 | D:5      | 5300 ||| DRINKING 2 yellow potions.
  5301 | D:5      | 5301 ||| DROPPING potion of attraction.
  5303 | D:5      | 5303 ||| Stepping ~*~*~tactically~*~*~ (cloud).
  5534 | D:6      | Noticed Dowan
  5537 | D:6      | 5537 ||| DRINKING potion of cancellation.
  5539 | D:6      | Killed Dowan
  5551 | D:6      | Noticed Duvessa
  5560 | D:6      | Killed Duvessa
  5713 | D:6      | Noticed an angel
  5723 | D:6      | Found Wagakun's Hallowed Reliquary.
  5821 | D:6      | 5821 ||| BUYING potion of curing (33 gold).
  5821 | D:6      | Bought a potion of curing for 33 gold pieces
  5821 | D:6      | 5821 ||| BUYING potion of curing (33 gold).
  5821 | D:6      | Bought a potion of curing for 33 gold pieces
  5821 | D:6      | 5821 ||| BUYING potion of curing (33 gold).
  5821 | D:6      | Bought a potion of curing for 33 gold pieces
  5821 | D:6      | 5821 ||| BUYING potion of heal wounds (55 gold).
  5821 | D:6      | Bought a potion of heal wounds for 55 gold pieces
  5821 | D:6      | 5821 ||| BUYING potion of heal wounds (55 gold).
  5821 | D:6      | Bought a potion of heal wounds for 55 gold pieces
  5821 | D:6      | 5821 ||| BUYING potion of heal wounds (55 gold).
  5821 | D:6      | Bought a potion of heal wounds for 55 gold pieces
  5821 | D:6      | 5821 ||| BUYING potion of heal wounds (55 gold).
  5821 | D:6      | Bought a potion of heal wounds for 55 gold pieces
  5894 | D:6      | Found Xereuhigi's Jewellery Boutique.
  5899 | D:6      | 5899 ||| SHOPLISTING +4 ring of protection (540 gold, have
                  | 29).
  5899 | D:6      | 5899 ||| SHOPLISTING +4 ring of slaying (1170 gold, have
                  | 29).
  5899 | D:6      | 5899 ||| SHOPLISTING +6 ring of dexterity (540 gold, have
                  | 29).
  5899 | D:6      | 5899 ||| SHOPLISTING amulet of reflection (450 gold, have
                  | 29).
  6135 | D:6      | 6135 ||| READING scroll of identify.
  6135 | D:6      | 6135 ||| IDENTIFYING 2 smoky blue potions
  6136 | D:6      | 6136 ||| DRINKING 2 fuming inky potions.
  6156 | D:7      | 6156 ||| PLANNING OSSUARY
  6250 | D:7      | 6250 ||| RETREEEEATING.
  6295 | D:7      | Reached skill level 9 in Dodging
  6381 | D:7      | 6381 ||| RETREEEEATING.
  6382 | D:7      | 6382 ||| RETREEEEATING.
  6600 | D:7      | Found a staircase to the Ecumenical Temple.
  6622 | D:7      | 6622 ||| UPGRADING to +0 pair of boots.
  6639 | D:7      | Reached XP level 10. HP: 60/60 MP: 12/12
  6803 | D:7      | 6803 ||| RIP OSSUARY
  6828 | D:7      | 6828 ||| PLANNING TEMPLE
  6828 | D:7      | Noticed a cyclops
  6835 | D:7      | Reached skill level 3 in Armour
  6839 | D:7      | Killed a cyclops
  6840 | D:7      | Reached skill level 6 in Fighting
  6840 | D:7      | 6840 ||| READING 2 scrolls of identify.
  6840 | D:7      | 6840 ||| IDENTIFYING scroll labelled GOOW ILIGA
  6841 | D:7      | 6841 ||| DROPPING scroll of amnesia.
  6903 | Temple   | Entered the Ecumenical Temple
  6904 | Temple   | 6904 ||| PLANNING OKAWARU WORSHIP
  6909 | Temple   | Became a worshipper of Warmaster Okawaru
  6910 | Temple   | 6910 ||| PLANNING D:1-11
  7159 | D:8      | 7159 ||| FLEEEEING.
  7160 | D:8      | 7160 ||| FLEEEEING.
  7161 | D:8      | 7161 ||| FLEEEEING.
  7162 | D:8      | 7162 ||| FLEEEEING.
  7163 | D:8      | 7163 ||| FLEEEEING.
  7167 | D:8      | 7167 ||| STAIRDANCE
  7264 | D:7      | 7264 ||| UPGRADING to ring of see invisible.
  7267 | D:8      | 7267 ||| STAIRDANCE
  7276 | D:8      | 7276 ||| STAIRDANCE
  7278 | D:7      | 7278 ||| DRINKING 4 potions of curing.
  7278 | D:7      | 7278 ||| (to cure confusion)
  7281 | D:8      | 7281 ||| STAIRDANCE
  7299 | D:8      | Found a basalt altar of Yredelemnul.
  7423 | D:8      | 7423 ||| FLEEEEING.
  7424 | D:8      | 7424 ||| FLEEEEING.
  7425 | D:8      | 7425 ||| FLEEEEING.
  7427 | D:8      | 7427 ||| FLEEEEING.
  7428 | D:8      | 7428 ||| FLEEEEING.
  7430 | D:8      | 7430 ||| FLEEEEING.
  7673 | D:8      | Reached * piety under Okawaru
  7674 | D:8      | 7674 ||| Stepping ~*~*~tactically~*~*~ (cloud).
  7676 | D:8      | 7676 ||| Stepping ~*~*~tactically~*~*~ (cloud).
  7970 | D:8      | Noticed a gargoyle
  7971 | D:8      | 7971 ||| INVOKING Heroism.
  7972 | D:8      | 7972 ||| INVOKING Heroism.
  7974 | D:8      | Killed a gargoyle
  7989 | D:8      | Found the +6 shillelagh "Devastator" {shatter}
  8000 | D:8      | Noticed a two-headed ogre
  8001 | D:8      | 8001 ||| INVOKING Heroism.
  8001 | D:8      | Noticed a two-headed ogre
  8002 | D:8      | 8002 ||| RETREEEEATING.
  8003 | D:8      | 8003 ||| RETREEEEATING.
  8004 | D:8      | 8004 ||| RETREEEEATING.
  8010 | D:8      | Killed a two-headed ogre
  8013 | D:8      | 8013 ||| INVOKING Heroism.
  8016 | D:8      | Killed a two-headed ogre
  8030 | D:8      | Noticed a two-headed ogre
  8031 | D:8      | 8031 ||| INVOKING Heroism.
  8037 | D:8      | Killed a two-headed ogre
  8037 | D:8      | Reached ** piety under Okawaru
  8038 | D:8      | Reached skill level 3 in Invocations
  8440 | D:8      | 8440 ||| Stepping ~*~*~tactically~*~*~ (cloud).
  8642 | D:8      | 8642 ||| READING scroll of identify.
  8642 | D:8      | 8642 ||| IDENTIFYING emerald potion
  8643 | D:8      | 8643 ||| READING scroll labelled XOCEGGUPPIV.
  8823 | D:9      | 8823 ||| READING 3 scrolls of enchant armour.
  8823 | D:9      | 8823 ||| ENCHANTING +1 helmet.
  8824 | D:9      | 8824 ||| READING 2 scrolls of enchant armour.
  8824 | D:9      | 8824 ||| ENCHANTING +0 pair of boots.
  8825 | D:9      | 8825 ||| READING scroll of enchant armour.
  8825 | D:9      | 8825 ||| ENCHANTING +1 pair of boots.
  8870 | D:9      | Reached XP level 11. HP: 67/67 MP: 14/16
  9053 | D:9      | Found a blossoming altar of Fedhas.
  9606 | D:9      | 9606 ||| SWAPPING to +0 orcbow.
  9621 | D:9      | 9621 ||| DROPPING +6 sling "Rauhacor" {drain, Dex+4}.
  9706 | D:9      | HP: 15/67 [killer bee (5)]
  9707 | D:9      | 9707 ||| READING scroll of teleportation.
  9708 | D:9      | 9708 ||| DRINKING 5 potions of heal wounds.
 10105 | D:9      | 10105 ||| READING scroll labelled JEWNOS BEAPLE.
 10105 | D:9      | 10105 ||| ENCHANTING +0 orcbow.
 10106 | D:9      | 10106 ||| READING scroll labelled UKERROCYNE.
 10207 | D:9      | 10207 ||| DRINKING 2 sedimented orange potions.
 10251 | D:9      | 10251 ||| DROPPING potion of lignification.
 10329 | D:10     | Entered Level 10 of the Dungeon
 10346 | D:10     | Noticed a red ugly thing
 10347 | D:10     | 10347 ||| INVOKING Heroism.
 10357 | D:10     | Killed a red ugly thing
 10378 | D:10     | Reached *** piety under Okawaru
 10393 | D:10     | 10393 ||| READING scroll of enchant armour.
 10393 | D:10     | 10393 ||| ENCHANTING +0 cloak.
 10528 | D:10     | Found Tymig Mosoy's Magic Scroll Boutique.
 10533 | D:10     | Reached skill level 15 in Ranged Weapons
 10589 | D:10     | 10589 ||| BUYING scroll of enchant weapon (90 gold).
 10589 | D:10     | Bought a scroll of enchant weapon for 90 gold pieces
 10589 | D:10     | 10589 ||| BUYING scroll of identify (24 gold).
 10589 | D:10     | Bought a scroll of identify for 24 gold pieces
 10589 | D:10     | 10589 ||| BUYING scroll of teleportation (36 gold).
 10589 | D:10     | Bought a scroll of teleportation for 36 gold pieces
 10589 | D:10     | 10589 ||| BUYING scroll of teleportation (36 gold).
 10589 | D:10     | Bought a scroll of teleportation for 36 gold pieces
 10589 | D:10     | 10589 ||| READING scroll of enchant weapon.
 10589 | D:10     | 10589 ||| ENCHANTING +1 orcbow.
 10602 | D:10     | Found a staircase to the Lair.
 10936 | D:10     | 10936 ||| RETREEEEATING.
 10942 | D:10     | HP: 16/67 [burnt (7)]
 10943 | D:10     | 10943 ||| READING 3 scrolls of teleportation.
 10943 | D:10     | HP: 4/67 [burnt (12)]
 10944 | D:10     | 10944 ||| DRINKING 4 potions of heal wounds.
 10948 | D:10     | Incinerated by a smoke demon

Levels and vault maps discovered:
D:1:      matt_arrival_diagonals, layout_basic
D:2:      layout_basic
D:3:      kb_forest_paths, layout_basic, kennysheep_generic_room_13, uniq_robin
D:4:      layout_layer_cave
D:5:      layout_layer_cave, uniq_sigmund, uniq_pikel
D:6:      layout_gridville, minmay_shop_enchanted_jewellery, nicolae_good_shop,
          uniq_duvessa
D:7:      kennysheep_big_flooded_room, layout_rooms,
          minmay_temple_entry_statues, serial_co_window_serial,
          co_window_paths_a, co_window_corner_a, co_window_of_opportunity_a,
          co_window_of_opportunity_a, co_window_paths_a, co_window_cross_1,
          co_window_corner_a, co_window_of_opportunity_c, co_window_cross_3,
          co_window_paths_c, glass_columns_c, glass_columns_b, glass_columns_b,
          nicolae_ossuary_entry_giza, interstate_on_off
D:8:      layout_layer_cave, yredelemnul_altar_generic, minmay_misc_feat_cross,
          dilly_guarded_unrand_devastator
D:9:      layout_layer_cave, general_overflow_altar, hangedman_corner_corridor
D:10:     layout_cave_pods, lair_entry_dummy, erik_orc_1, serial_shops, shop,
          st_stairs_7, amcnicky_mini_pool_small
Temple:   nicolae_temple_bog_church

Skill      XL: |  1  2  3  4  5  6  7  8  9 10 11 |
---------------+----------------------------------+-----
Ranged Weapons | 6 7 8 9 11 14 15 | 15.3
Armour         | 2 3 4 |  4.0
Fighting       | 2 3 5 7 |  7.4
Dodging        | 4 5 9 11 | 11.0
Invocations    | 4 |  4.0
Stealth        | |  1.2

Action                     |  1- 3 |  4- 6 |  7- 9 | 10-12 || total
---------------------------+-------+-------+-------+-------++-------
   Fire: Shortbow          |   125 |   120 |       |       ||   245
         Sling             |       |    52 |   260 |   160 ||   472
         Orcbow            |       |       |       |   141 ||   141
 Invoke: Heroism           |       |       |       |     5 ||     5
    Use: Scroll            |     5 |     7 |     4 |    12 ||    28
         Potion            |       |     3 |     3 |     4 ||    10
 Armour: Leather armour    |     6 |       |       |       ||     6
         Scale mail        |    19 |    72 |       |       ||    91
         Ring mail         |       |       |    54 |   125 ||   179
  Dodge: Dodged            |    23 |    42 |    29 |   179 ||   273

Table legend:
 A = Non-vault XP
 B = Vault XP
 C = Vault XP percentage of total XP
 D = Non-vault monster count
 E = Vault monster count
 F = Vault count percentage of total count
                 A         B        C        D         E       F
            +---------+---------+-------+---------+---------+-------
      Total |    9331 |    5285 |  36.2 |     213 |      45 |  17.4
            +---------+---------+-------+---------+---------+-------
        D:1 |      47 |       0 |   0.0 |      28 |       0 |   0.0
        D:2 |      48 |       0 |   0.0 |      20 |       0 |   0.0
        D:3 |      38 |     112 |  74.7 |      17 |      20 |  54.1
        D:4 |     366 |       0 |   0.0 |      27 |       0 |   0.0
        D:5 |    1790 |     903 |  33.5 |      25 |       2 |   7.4
        D:6 |     948 |     212 |  18.3 |      20 |       2 |   9.1
        D:7 |    1212 |     898 |  42.6 |      27 |       5 |  15.6
        D:8 |    1219 |    2887 |  70.3 |      23 |       4 |  14.8
        D:9 |    1563 |       0 |   0.0 |      15 |       0 |   0.0
       D:10 |    2100 |     273 |  11.5 |      11 |      12 |  52.2
            +---------+---------+-------+---------+---------+-------
